 Dungeon Sprint DCSS version 0.31.0-9-g3a7656b989 (webtiles) character file.

Game seed: 17079553506992549518

7505 Groucho the Gouger (level 10, -28/62 HPs)
             Began as a Felid Shapeshifter on Jan 31, 2024.
             Was a Follower of Uskayaw.
             Annihilated by Gastronok (37 damage)
             ... in the Dungeon (Sprint IX: "|||||||||||||||||||||||||||||").
             The game lasted 00:05:26 (2742 turns).

Groucho the Gouger (Felid Shapeshifter)             Turns: 2742, Time: 00:05:27

Health: -28/62     AC:  2    Str: 13    XL:     10   Next: 95%
Magic:  13/17      EV: 28    Int: 15    God:    Uskayaw [*.....]
Gold:   41         SH:  0    Dex: 19    Spells: 9/9 levels left
                                        Lives:  0   Deaths: 3

rFire   . .          .
                       - Unarmed
rCold   . . .        (shield unavailable)
rNeg    . . .        (body armour unavailable)
rPois   .            (helmet unavailable)
rElec   .            (cloak unavailable)
rCorr   .            (gloves unavailable)
SInv    +            (boots unavailable)
Will    +....        (no amulet)
Stlth   +++++        l - +2 ring of evasion
HPRegen 0.30/turn    m - +3 ring of strength
MPRegen 0.15/turn

%: no teleportation
@: beast-form
A: beast (slay +4), very small, claws 1, fangs 3, see invisible, shaggy fur 2,
stealthy paws, no weapons or thrown items, no armour, multi-lived
a: Begin Untransformation, Renounce Religion, Stomp


You were in the Dungeon.
You worshipped Uskayaw.
Uskayaw was aware of your devotion.
You were a hulking beast.
You visited 1 branch You collected 41 gold pieces.

Inventory:

Jewellery
 l - a +2 ring of evasion (left paw)
 m - a +3 ring of strength (right paw)
Talismans
 b - a beast talisman
 c - a flux talisman
Wands
 k - a wand of roots (10)
Scrolls
 i - 2 scrolls of blinking
 j - 2 scrolls of amnesia
 p - 2 scrolls of identify
 q - 2 scrolls of fear
Potions
 a - a potion of lignification
 d - 4 potions of curing
 g - 4 potions of magic
 h - a potion of resistance
 n - a potion of might
 o - 2 potions of mutation


   Skills:
 * Level 12.2 Fighting
 + Level 11.6 Dodging
 + Level 12.1 Stealth
 * Level 12.5 Unarmed Combat
 + Level 8.6 Invocations
 + Level 8.9 Evocations
 * Level 10.7 Shapeshifting


You had 9 spell levels left.
You didn't know any spells.
Your spell library contained the following spells:

 Spells                   Type           Power      Damage    Failure   Level
 Inner Flame              Hex/Fire       0%         N/A       63%         3
 Flame Wave               Conj/Fire      0%         2d4       95%         4
 Sticky Flame             Fire/Alch      0%         2d4       95%         4


Dungeon Overview and Level Annotations

Branches:
Dungeon (1/1)

Altars:
Cheibriados
Dithmenos
Elyvilon
Fedhas
Gozag
Hepliaklqana
Kikubaaqudgha
Makhleb
Nemelex Xobeh
Okawaru
Qazlal
Ru
Sif Muna
Trog
Uskayaw
Vehumet
Wu Jian
Xom
Yredelemnul
Zin
The Shining One
Jiyva
Lugonu

Annotations:
D Gastronok


Innate Abilities, Weirdness & Mutations

You are a hulking beast.
Your limbs bulge with bestial killing power. (Slay +4)
You have sharp claws.
You have razor-sharp teeth.
You have supernaturally acute eyesight. (SInv)
You are covered in thick fur. (AC +2)
Your paws help you pounce on unaware monsters.
You are incapable of wielding weapons or throwing items.
You cannot wear armour.
You gain extra lives every three experience levels.


Message History

You scratch Gastronok.
Gastronok is lightly wounded.
Okay, then.
Unknown command.
You scratch Gastronok.
Gastronok is lightly wounded.
Gastronok waves his eye-stalks in wide circles.
The air twists around and strikes you.
You claw Gastronok!
Gastronok is lightly wounded.
You claw Gastronok!
Gastronok is lightly wounded.
Gastronok misses you.
You scratch Gastronok but do no damage.
Gastronok is lightly wounded.
You claw Gastronok! You claw Gastronok.
Gastronok is moderately wounded.
You can now pass through a line of other dancers.
Aiming: Line Pass
Press: ? - help, Dir - move target Gastronok appears confused.
You can no longer pass through a line of other dancers.
Gastronok bites you!!!
Ouch! That really hurt!
* * * LOW HITPOINT WARNING * * *
You feel much better.
Gastronok seems less confused.
You claw Gastronok! You bite Gastronok.
Gastronok is moderately wounded.
Gastronok bites you!!
* * * LOW HITPOINT WARNING * * *
You claw Gastronok! x2
Gastronok is heavily wounded.
Unknown command.
Unknown command.
You scratch Gastronok. You claw Gastronok!
Gastronok is heavily wounded.
Gastronok bites you!!!
Ouch! That really hurt!
You die...
Gastronok gurgles, "Time to dig in!"

▓▓▓▓▓▓▓▓▓▓▓▓▓▓▓▓▓▓▓▓▓▓▓▓▓▓▓▓▓▓▓▓▓
.'.)))(.'....))+..[B[.)..'_______
▓▓▓▓▓▓▓▓▓▓▓▓▓▓▓▓▓▓▓▓▓▓▓▓▓▓▓▓▓▓▓▓▓
.................................
▓▓▓▓▓▓▓▓▓▓▓▓▓▓▓▓▓▓▓▓▓▓▓▓▓▓▓▓▓▓▓▓▓
...'..[[[[..'?(..........'.......
▓▓▓▓▓▓▓▓▓▓▓▓▓▓▓▓▓▓▓▓▓▓▓▓▓▓▓▓▓▓▓▓▓
...............wh.......
▓▓▓▓▓▓▓▓▓▓▓▓▓▓▓▓▓▓▓▓▓▓▓▓


You could see Gastronok (swift).

Vanquished Creatures
  A hydra (D)
  2 centaur warriors (D)
  A cyclops (D)
  2 black mambas (D)
  A torpor snail (D)
  A gargoyle (D)
  4 cane toads (D)
  A komodo dragon (D)
  A troll (D)
  A tyrant leech (D)
  4 blink frogs (D)
  A shadow (D)
  2 yaks (D)
  A basilisk (D)
  4 water moccasins (D)
  An orc warrior (D)
  A wolf (D)
  A gnoll sergeant (D)
  3 bullfrogs (D)
  A killer bee (D)
  A howler monkey (D)
  A hound (D)
  A jelly (D)
  A hell rat (D)
  2 adders (D)
  A dart slug (D)
  2 endoplasms (D)
  2 ball pythons (D)
  A kobold (D)
46 creatures vanquished.

Vanquished Creatures (others)
  A tyrant leech (D)
1 creature vanquished.

Grand Total: 47 creatures vanquished

Notes
Turn   | Place    | Note
-------+----------+-------------------------------------------
     0 | D        | Groucho the Felid Shapeshifter began the quest for the Orb.
     0 | D        | Reached XP level 1. HP: 10/10 MP: 2/2
    14 | D        | Reached skill level 1 in Stealth
   312 | D        | Noticed a hound
   312 | D        | Noticed a jelly
   317 | D        | Reached XP level 2. HP: 12/15 MP: 3/3
   322 | D        | Reached skill level 1 in Invocations
   322 | D        | Reached XP level 3. HP: 5/20 MP: 3/5
   326 | D        | Reached XP level 4. HP: 7/25 MP: 3/6
   326 | D        | Gained a life (2 lives remaining)
   329 | D        | HP: 1/37 [poisoned by an adder]
   333 | D        | Succumbed to an adder's poison
   333 | D        | Lost a life (1 life remaining)
   644 | D        | Found a snail-covered altar of Cheibriados.
   644 | D        | Found a shadowy altar of Dithmenos.
   644 | D        | Found a white marble altar of Elyvilon.
   644 | D        | Found a blossoming altar of Fedhas.
   644 | D        | Found an opulent altar of Gozag.
   645 | D        | Found a hazy altar of Hepliaklqana.
   646 | D        | Found a viscous altar of Jiyva.
   647 | D        | Found an ancient bone altar of Kikubaaqudgha.
   648 | D        | Found a corrupted altar of Lugonu.
   649 | D        | Found a burning altar of Makhleb.
   650 | D        | Found a sparkling altar of Nemelex Xobeh.
   651 | D        | Found an iron altar of Okawaru.
   652 | D        | Found a stormy altar of Qazlal.
   653 | D        | Found a sacrificial altar of Ru.
   654 | D        | Found a shimmering blue altar of Sif Muna.
   655 | D        | Found a bloodstained altar of Trog.
   656 | D        | Found a hide-covered altar of Uskayaw.
   657 | D        | Found a radiant altar of Vehumet.
   658 | D        | Found an ornate altar of the Wu Jian Council.
   659 | D        | Found a shimmering altar of Xom.
   660 | D        | Found a basalt altar of Yredelemnul.
   661 | D        | Found a glowing silver altar of Zin.
   662 | D        | Found a glowing golden altar of the Shining One.
   666 | D        | Became a worshipper of Uskayaw the Reveller
   691 | D        | Noticed a gnoll sergeant
   691 | D        | Noticed a yak
   691 | D        | Noticed a shadow
   691 | D        | Noticed a troll
   691 | D        | Noticed an orc warrior
   694 | D        | Reached * piety under Uskayaw
   697 | D        | Killed an orc warrior
   697 | D        | Reached ** piety under Uskayaw
   698 | D        | Reached skill level 5 in Fighting
   698 | D        | Reached skill level 5 in Dodging
   698 | D        | Reached skill level 5 in Unarmed Combat
   698 | D        | Reached skill level 5 in Shapeshifting
   698 | D        | Reached XP level 5. HP: 30/30 MP: 6/8
   701 | D        | Reached *** piety under Uskayaw
   702 | D        | Killed a troll
   703 | D        | Gained mutation: You are covered in thick fur. (AC +2)
                  | [Felid growth]
   703 | D        | Reached XP level 6. HP: 6/37 MP: 7/10
   706 | D        | Reached **** piety under Uskayaw
   707 | D        | Reached ***** piety under Uskayaw
   708 | D        | Killed a shadow
   709 | D        | Reached XP level 7. HP: 28/41 MP: 7/11
   709 | D        | Gained a life (2 lives remaining)
   711 | D        | Killed a yak
   712 | D        | Reached skill level 5 in Invocations
   720 | D        | Noticed a centaur warrior
   720 | D        | Noticed a gargoyle
   720 | D        | Noticed a centaur warrior
   720 | D        | Noticed a boulder beetle
   720 | D        | Noticed a cyclops
   724 | D        | Reached ****** piety under Uskayaw
   726 | D        | Killed a cyclops
   727 | D        | Reached skill level 5 in Evocations
   727 | D        | Reached XP level 8. HP: 38/48 MP: 9/13
   736 | D        | Killed a gargoyle
   742 | D        | Killed a centaur warrior
   743 | D        | HP: 2/49 [centaur warrior (12)]
   746 | D        | Killed a centaur warrior
   747 | D        | Reached skill level 10 in Unarmed Combat
   747 | D        | Reached XP level 9. HP: 8/54 MP: 4/15
  1280 | D        | Noticed a komodo dragon
  1285 | D        | Noticed a six-headed hydra
  1287 | D        | Killed a komodo dragon
  1288 | D        | Reached skill level 10 in Fighting
  1294 | D        | Reached skill level 10 in Stealth
  1302 | D        | Reached skill level 10 in Dodging
  1308 | D        | Killed a six-headed hydra
  1309 | D        | Reached XP level 10. HP: 27/60 MP: 7/16
  1316 | D        | Noticed a black mamba
  1316 | D        | Noticed a cane toad
  1316 | D        | Noticed a black mamba
  1316 | D        | Noticed a cane toad
  1318 | D        | Killed a cane toad
  1320 | D        | Killed a black mamba
  1321 | D        | Noticed a torpor snail
  1330 | D        | Killed a black mamba
  1331 | D        | Reached skill level 10 in Shapeshifting
  1331 | D        | Killed a cane toad
  1336 | D        | Killed a torpor snail
  2003 | D        | Noticed a cane toad
  2004 | D        | Noticed a cane toad
  2020 | D        | Killed a cane toad
  2021 | D        | Killed a cane toad
  2026 | D        | Mangled by a tyrant leech
  2026 | D        | Lost a life (1 life remaining)
  2137 | D        | Demolished by a tyrant leech
  2137 | D        | Lost a life (0 lives remaining)
  2226 | D        | HP: 3/62 [tyrant leech (16)]
  2726 | D        | Noticed Gastronok
  2738 | D        | HP: 2/62 [Gastronok (36)]
  2742 | D        | Annihilated by Gastronok

Illustrated notes

Levels and vault maps discovered:
D:        linesprint [early_d, line_temple, items_1, d_10, items_2, lair_1,
          lair_end, items_3, orc_1, orc_end, items_4, d_15, swamp_1, shoals_1,
          snake_1, spider_1, d_20, vaults_1, items_5, swamp_end, shoals_end,
          snake_end, spider_end, vaults_end, d_27, items_6, zot_1, zot_end,
          crypt_end, forest_end, elf_end, slime_end, tomb_end, abyss_end,
          pan_hell_end]

Skill      XL: |  1  2  3  4  5  6  7  8  9 10 |
---------------+-------------------------------+-----
Dodging        | 3 4 5 6 7 8 9 10 11 | 11.6
Stealth        | 1 2 3 4 6 8 9 10 12 | 12.1
Shapeshifting  | 3 4 5 6 7 8 9 10 | 10.7
Fighting       | 2 3 5 6 8 9 10 12 | 12.2
Unarmed Combat | 4 5 7 8 10 11 12 | 12.5
Invocations    | 1 2 3 4 5 6 7 8 |  8.6
Evocations     | 2 3 4 5 6 7 8 |  8.9

Action                     |  1- 3 |  4- 6 |  7- 9 | 10-12 || total
---------------------------+-------+-------+-------+-------++-------
  Melee: Unarmed           |    22 |    20 |    45 |    58 ||   145
         Bite              |       |     1 |     4 |     5 ||    10
         Punch             |       |       |     2 |     5 ||     7
 Invoke: Line Pass         |       |       |     4 |    10 ||    14
    Use: Potion            |     1 |     2 |     3 |     4 ||    10
   Stab: Sleeping          |       |     1 |     1 |     3 ||     5
         Paralysed         |       |     1 |     1 |     2 ||     4
         Invisible         |       |       |     3 |       ||     3
         Confused          |       |       |     3 |     3 ||     6
 Armour: Skin              |     3 |     3 |    15 |    19 ||    40
  Dodge: Dodged            |    13 |    11 |    33 |    35 ||    92
